AA CENTRAL
AMARILLO SOD POODLES @ NORTHWEST ARKANSAS NATURALS
09/05/2041
 
TOP OF THE 1ST
Amarillo Sod Poodles batting - Pitching for Northwest Arkansas Naturals : LHP Sergio Vásquez
Pitching: LHP Sergio Vásquez
Batting: RHB Pancho Castellanos 0-0: Called Strike
0-1: Ground out 5-3 (Groundball, 56S, EV 70.0 MPH)
Batting: SHB Joe Gibson 0-0: Ball
1-0: DOUBLE (Flyball, 89XD, EV 92.5 MPH)
Batting: LHB Jared Gyll 0-0: Ball
1-0: Ball
2-0: SINGLE (Groundball, 6MS, EV 73.8 MPH) (infield hit)
Joe Gibson to third
Batting: RHB Greg Jamison 0-0: Ball
1-0: Foul Ball, location: 2F
1-1: Foul Ball, location: 9LMF
1-2: Strikes out swinging
Batting: RHB José Elrayes 0-0: Called Strike
0-1: Ball
1-1: Ball
2-1: Fly out, F7 (Flyball, 7D, EV 100.0 MPH)
Top of the 1st over - 0 runs, 2 hits, 0 errors, 2 left on base; Amarillo 0 - Northwest Arkansas 0
BOTTOM OF THE 1ST
Northwest Arkansas Naturals batting - Pitching for Amarillo Sod Poodles : RHP Dewitt Hawn
Pitching: RHP Dewitt Hawn
Batting: LHB Sonny Pouliot 0-0: Ball
1-0: Ball
2-0: Ball
3-0: Base on Balls
Batting: LHB José Sánchez 0-0: Ball
1-0: Fly out, F7 (Flyball, 7D, EV 104.4 MPH)
Batting: LHB Rod Truong 0-0: Ball
1-0: DOUBLE (Line Drive, 9LM, EV 103.1 MPH)
Sonny Pouliot to third
Runner from 3rd tries for Home, throw by RF and OUT! 9-2
Rod Truong to third
Batting: SHB Jesús Catete 0-0: Ball
1-0: SINGLE (Groundball, 4MD, EV 103.8 MPH)
Rod Truong scores
Batting: SHB Bob O'Mullan 0-0: Ball
1-0: Ball
2-0: Foul Ball, location: 7LMF
2-1: Ball
3-1: Foul Ball, location: 25FF
3-2: Foul Ball, location: 2F
3-2: Fly out, F6 (Popup, 6MD, EV 45.6 MPH)
Bottom of the 1st over - 1 run, 2 hits, 0 errors, 1 left on base; Amarillo 0 - Northwest Arkansas 1
TOP OF THE 2ND
Amarillo Sod Poodles batting - Pitching for Northwest Arkansas Naturals : LHP Sergio Vásquez
Batting: RHB Stan Hammons 0-0: Ball
1-0: Foul Ball, location: 3FF
1-1: Ball
2-1: Ball
3-1: Foul Ball, location: 2F
3-2: Base on Balls
Batting: RHB Phil MacNamara 0-0: Ball
1-0: Fly out, F9 (Line Drive, 9S, EV 91.9 MPH)
Batting: LHB José Luna 0-0: Called Strike
0-1: Grounds into double play, 5-4-3 (Groundball, 56, EV 81.9 MPH)
Top of the 2nd over - 0 runs, 0 hits, 0 errors, 0 left on base; Amarillo 0 - Northwest Arkansas 1
BOTTOM OF THE 2ND
Northwest Arkansas Naturals batting - Pitching for Amarillo Sod Poodles : RHP Dewitt Hawn
Batting: RHB Gil Reynolds 0-0: Called Strike
0-1: Ball
1-1: Ball
2-1: Foul Ball, location: 2F
2-2: Strikes out swinging
Batting: RHB Luis Serrano 0-0: Foul Ball, location: 2F
0-1: Foul Ball, location: 2F
0-2: Strikes out swinging
Batting: LHB Kevin Gray 0-0: Ball
1-0: SINGLE (Line Drive, 8RS, EV 108.8 MPH)
Batting: RHB Cris Camacho 0-0: Ball
1-0: Ball
2-0: SINGLE (Line Drive, 7S, EV 103.1 MPH)
Kevin Gray to second
Batting: LHB Sonny Pouliot 0-0: Ball
1-0: Called Strike
1-1: Called Strike
1-2: Ball
2-2: Fly out, F6 (Popup, 6MS, EV 83.1 MPH)
Bottom of the 2nd over - 0 runs, 2 hits, 0 errors, 2 left on base; Amarillo 0 - Northwest Arkansas 1
TOP OF THE 3RD
Amarillo Sod Poodles batting - Pitching for Northwest Arkansas Naturals : LHP Sergio Vásquez
Batting: RHB Mike Walker 0-0: Ball
1-0: Ball
2-0: Called Strike
2-1: Ball
3-1: Called Strike
3-2: Base on Balls
Batting: RHB Pancho Castellanos 0-0: Called Strike
0-1: Foul Ball, location: 2RF
0-2: Fly out, F9 (Flyball, 9, EV 91.3 MPH)
Batting: SHB Joe Gibson 0-0: Foul Ball, location: 3F
0-1: Ball
1-1: Swinging Strike
1-2: Fly out, F9 (Flyball, 9D, EV 96.3 MPH)
Batting: LHB Jared Gyll 0-0: Called Strike
0-1: Swinging Strike
0-2: Ball
1-2: Strikes out swinging
Top of the 3rd over - 0 runs, 0 hits, 0 errors, 1 left on base; Amarillo 0 - Northwest Arkansas 1
BOTTOM OF THE 3RD
Northwest Arkansas Naturals batting - Pitching for Amarillo Sod Poodles : RHP Dewitt Hawn
Batting: LHB José Sánchez 0-0: Fly out, F3 (Popup, 3SF, EV 77.5 MPH)
Batting: LHB Rod Truong 0-0: Foul Ball, location: 2F
0-1: Ball
1-1: Ball
2-1: Foul Ball, location: 23F
2-2: Ball
3-2: Foul Ball, location: 2F
3-2: Ground out 3-1 (Groundball, 34D, EV 95.0 MPH)
Batting: SHB Jesús Catete 0-0: Called Strike
0-1: Swinging Strike
0-2: Foul Ball, location: 2F
0-2: Ball
1-2: Ball
2-2: Foul Ball, location: 3SF
2-2: Fly out, F9 (Flyball, 89S, EV 93.1 MPH)
Bottom of the 3rd over - 0 runs, 0 hits, 0 errors, 0 left on base; Amarillo 0 - Northwest Arkansas 1
TOP OF THE 4TH
Amarillo Sod Poodles batting - Pitching for Northwest Arkansas Naturals : LHP Sergio Vásquez
Batting: RHB Greg Jamison 0-0: Ball
1-0: Foul Ball, location: 2RF
1-1: Ball
2-1: Ball
3-1: Base on Balls
Batting: RHB José Elrayes 0-0: DOUBLE (Line Drive, 89M, EV 101.9 MPH)
Greg Jamison to third
Batting: RHB Stan Hammons 0-0: Ground out 6-3 (Groundball, 6, EV 104.4 MPH)
Batting: RHB Phil MacNamara 0-0: Foul Ball, location: 23FF
0-1: Called Strike
0-2: Ball
1-2: Ball
2-2: SINGLE (Groundball, 4MD, EV 104.4 MPH)
Greg Jamison scores
José Elrayes to third
Batting: LHB José Luna
Pinch Hitting: RHB Manny Marroquín 0-0: Ball
1-0: Swinging Strike
1-1: Foul Ball, location: 25FF
1-2: Foul Ball, location: 7LSFF
1-2: Ball
2-2: Foul Ball, location: 2F
2-2: Ball
3-2: Fly out, F2 (Popup, 2RF, EV 91.9 MPH)
Batting: RHB Mike Walker 0-0: Ball
1-0: Ball
2-0: Called Strike
2-1: Ball
3-1: Base on Balls
Phil MacNamara to second
Batting: RHB Pancho Castellanos 0-0: Ball
1-0: Ball
2-0: Ball
3-0: Called Strike
3-1: Foul Ball, location: 2F
3-2: Strikes out swinging
Top of the 4th over - 1 run, 2 hits, 0 errors, 3 left on base; Amarillo 1 - Northwest Arkansas 1
BOTTOM OF THE 4TH
Northwest Arkansas Naturals batting - Pitching for Amarillo Sod Poodles : RHP Dewitt Hawn
Now at SS: Chuck Gibson
Batting: SHB Bob O'Mullan 0-0: Called Strike
0-1: Fly out, F9 (Flyball, 9S, EV 87.5 MPH)
Batting: RHB Gil Reynolds 0-0: Swinging Strike
0-1: Foul Ball, location: 2F
0-2: Ball
1-2: Ball
2-2: Ball
3-2: Strikes out swinging
Batting: RHB Luis Serrano 0-0: Foul Ball, location: 9LDF
0-1: Ball
1-1: Called Strike
1-2: Foul Ball, location: 2F
1-2: Ground out 6-3 (Groundball, 6D, EV 79.4 MPH)
Bottom of the 4th over - 0 runs, 0 hits, 0 errors, 0 left on base; Amarillo 1 - Northwest Arkansas 1
TOP OF THE 5TH
Amarillo Sod Poodles batting - Pitching for Northwest Arkansas Naturals : LHP Sergio Vásquez
Batting: SHB Joe Gibson 0-0: Ball
1-0: Ball
2-0: Ball
3-0: Base on Balls
Batting: LHB Jared Gyll 0-0: Ball
1-0: Fielders Choice at 2nd, 4-6 (Groundball, 4S, EV 95.0 MPH)
Batting: RHB Greg Jamison 0-0: Called Strike
0-1: Called Strike
0-2: Strikes out swinging
Pitching: RHP Cipto Subandrio
Batting: RHB José Elrayes 0-0: Called Strike
0-1: Called Strike
Jared Gyll is caught stealing 2nd base 2-4
Top of the 5th over - 0 runs, 0 hits, 0 errors, 0 left on base; Amarillo 1 - Northwest Arkansas 1
BOTTOM OF THE 5TH
Northwest Arkansas Naturals batting - Pitching for Amarillo Sod Poodles : RHP Dewitt Hawn
Batting: LHB Kevin Gray 0-0: Ball
1-0: Ball
2-0: Called Strike
2-1: Ball
3-1: Foul Ball, location: 2F
3-2: Strikes out looking
Batting: RHB Cris Camacho 0-0: Ball
1-0: Called Strike
1-1: SINGLE (Groundball, 4D, EV 98.8 MPH)
Batting: LHB Sonny Pouliot 0-0: Ball
1-0: Ball
2-0: Fly out, F8 (Flyball, 8RD, EV 106.9 MPH)
Batting: LHB José Sánchez 0-0: Called Strike
0-1: Called Strike
0-2: Ball
1-2: Strikes out swinging
Bottom of the 5th over - 0 runs, 1 hit, 0 errors, 1 left on base; Amarillo 1 - Northwest Arkansas 1
TOP OF THE 6TH
Amarillo Sod Poodles batting - Pitching for Northwest Arkansas Naturals : RHP Cipto Subandrio
Batting: RHB José Elrayes 0-0: Ball
1-0: Swinging Strike
1-1: Foul Ball, location: 9LDF
1-2: Ball
2-2: Foul Ball, location: 2F
2-2: Ball
3-2: Foul Ball, location: 2F
3-2: Base on Balls
Batting: RHB Stan Hammons 0-0: Foul Ball, location: 2RF
0-1: Called Strike
0-2: Ball
1-2: Ball
2-2: Ball
3-2: Grounds into double play, 5-4-3 (Groundball, 5S, EV 83.8 MPH)
Pinch Hitting: LHB Raúl Carrabello 0-0: Called Strike
0-1: Ground out 4-3 (Groundball, 4, EV 81.3 MPH)
Top of the 6th over - 0 runs, 0 hits, 0 errors, 0 left on base; Amarillo 1 - Northwest Arkansas 1
BOTTOM OF THE 6TH
Northwest Arkansas Naturals batting - Pitching for Amarillo Sod Poodles : RHP Dewitt Hawn
Now in CF: Joe Fisher
Batting: LHB Rod Truong 0-0: Foul Ball, location: 2F
0-1: Called Strike
0-2: SOLO HOME RUN (Flyball, 78XD, EV 101.9 MPH), Distance : 432 ft
Batting: SHB Jesús Catete 0-0: Ball
1-0: DOUBLE (Line Drive, 78M, EV 108.8 MPH)
Batting: SHB Bob O'Mullan 0-0: Called Strike
0-1: Ball
1-1: Ball
2-1: Foul Ball, location: 2F
2-2: Strikes out swinging
Batting: RHB Gil Reynolds 0-0: Swinging Strike
0-1: Foul Ball, location: 5FF
0-2: Strikes out looking
Batting: RHB Luis Serrano 0-0: Ball
1-0: Ball
2-0: Ball
3-0: Foul Ball, location: 9LSF
3-1: 2-RUN HOME RUN (Flyball, 78XD, EV 110.6 MPH), Distance : 434 ft
Batting: LHB Kevin Gray 0-0: Ball
1-0: Ball
2-0: SINGLE (Line Drive, 34D, EV 94.4 MPH)
Pitching: LHP Alex Hamilton
Batting: RHB Cris Camacho 0-0: Foul Ball, location: 7LDF
0-1: Foul Ball, location: 7LSF
0-2: Strikes out looking
Bottom of the 6th over - 3 runs, 4 hits, 0 errors, 1 left on base; Amarillo 1 - Northwest Arkansas 4
TOP OF THE 7TH
Amarillo Sod Poodles batting - Pitching for Northwest Arkansas Naturals : RHP Cipto Subandrio
Batting: LHB Chuck Gibson 0-0: Foul Ball, location: 7LDF
0-1: Called Strike
0-2: Ball
1-2: Ball
2-2: Strikes out looking
Batting: RHB Mike Walker 0-0: Ball
1-0: Ball
2-0: Ball
3-0: Called Strike
3-1: Fly out, F8 (Flyball, 8RM, EV 93.1 MPH)
Batting: RHB Pancho Castellanos 0-0: Ball
1-0: Foul Ball, location: 5FF
1-1: Foul Ball, location: 2F
1-2: Ground out 6-3 (Groundball, 6, EV 92.5 MPH)
Top of the 7th over - 0 runs, 0 hits, 0 errors, 0 left on base; Amarillo 1 - Northwest Arkansas 4
BOTTOM OF THE 7TH
Northwest Arkansas Naturals batting - Pitching for Amarillo Sod Poodles : LHP Alex Hamilton
Batting: LHB Sonny Pouliot 0-0: Called Strike
0-1: Called Strike
0-2: Ball
1-2: Fly out, F7 (Flyball, 7LD, EV 96.3 MPH)
Batting: LHB José Sánchez 0-0: Ball
1-0: Called Strike
1-1: Ball
2-1: Foul Ball, location: 3SF
2-2: Foul Ball, location: 2F
2-2: Foul Ball, location: 2F
2-2: Strikes out swinging
Batting: LHB Rod Truong 0-0: Ball
1-0: Ball
2-0: Fly out, F6 (Popup, 6, EV 70.6 MPH)
Bottom of the 7th over - 0 runs, 0 hits, 0 errors, 0 left on base; Amarillo 1 - Northwest Arkansas 4
TOP OF THE 8TH
Amarillo Sod Poodles batting - Pitching for Northwest Arkansas Naturals : RHP Cipto Subandrio
Batting: SHB Joe Gibson 0-0: DOUBLE (Flyball, 8LXD, EV 102.5 MPH)
Batting: LHB Jared Gyll 0-0: Ball
1-0: Ball
2-0: Foul Ball, location: 7LMF
2-1: Ball
3-1: Base on Balls
Batting: RHB Greg Jamison 0-0: Ball
1-0: Foul Ball, location: 2F
1-1: Ball
2-1: Ball
3-1: Foul Ball, location: 2F
3-2: Strikes out swinging
Pinch Hitting: SHB Tristan Hayes 0-0: Called Strike
0-1: Ball
1-1: Ball
2-1: Foul Ball, location: 7LSF
2-2: Ball
3-2: Base on Balls
Joe Gibson to third
Jared Gyll to second
Pitching: RHP Sergio Rúbio
Batting: RHB Stan Hammons 0-0: Called Strike
0-1: Ball
1-1: Ball
2-1: Called Strike
2-2: Strikes out looking
Batting: LHB Joe Fisher 0-0: Ball
1-0: Foul Ball, location: 5FF
1-1: Swinging Strike
1-2: Foul Ball, location: 5F
1-2: Strikes out swinging
Top of the 8th over - 0 runs, 1 hit, 0 errors, 3 left on base; Amarillo 1 - Northwest Arkansas 4
BOTTOM OF THE 8TH
Northwest Arkansas Naturals batting - Pitching for Amarillo Sod Poodles : LHP Alex Hamilton
Now at 1B: Tristan Hayes
Batting: SHB Jesús Catete 0-0: Ball
1-0: Ball
2-0: Swinging Strike
2-1: Ball
3-1: Foul Ball, location: 2F
3-2: Ground out 6-3 (Groundball, 6, EV 84.4 MPH)
Batting: SHB Bob O'Mullan 0-0: Ball
1-0: Ball
2-0: Called Strike
2-1: Foul Ball, location: 2F
2-2: Strikes out swinging
Batting: RHB Gil Reynolds 0-0: Foul Ball, location: 2F
0-1: Foul Ball, location: 3SF
0-2: Strikes out swinging
Bottom of the 8th over - 0 runs, 0 hits, 0 errors, 0 left on base; Amarillo 1 - Northwest Arkansas 4
TOP OF THE 9TH
Amarillo Sod Poodles batting - Pitching for Northwest Arkansas Naturals : RHP Sergio Rúbio
Pitching: RHP Ken Kirkpatrick
Batting: LHB Chuck Gibson 0-0: Swinging Strike
0-1: Called Strike
0-2: Ball
1-2: Ball
2-2: Ball
3-2: Strikes out swinging
Pinch Hitting: SHB Luis Alvarado 0-0: Foul Ball, location: 7LMF
0-1: Swinging Strike
0-2: Ground out U3 (Groundball, 3, EV 101.9 MPH)
Batting: RHB Pancho Castellanos 0-0: Foul Ball, location: 2F
0-1: Swinging Strike
0-2: Ball
1-2: Foul Ball, location: 3SF
1-2: Ball
2-2: Strikes out swinging
Top of the 9th over - 0 runs, 0 hits, 0 errors, 0 left on base; Amarillo 1 - Northwest Arkansas 4
Monday, April 1st , 2024 - OOTP Baseball 24.10 Build 82